 Dungeon Crawl Stone Soup version 0.22-a0-538-g76cc104 (webtiles) character file.

2541 Hebeh the Cleaver (level 9, -10/80 HPs)
             Began as a Minotaur Fighter on June 23, 2018.
             Was an Initiate of Trog.
             Killed by divine providence
             ... invoked by an orc priest
              (17 damage)
             ... on level 6 of the Dungeon.
             The game lasted 00:24:38 (5743 turns).

Hebeh the Cleaver (Minotaur Fighter)                Turns: 5743, Time: 00:24:39

Health: -10/80     AC: 14    Str: 24    XL:     9   Next: 30%
Magic:  8/8        EV:  7    Int:  5    God:    Trog [......]
Gold:   203        SH: 11    Dex: 10    Spells: 8/8 levels left

rFire    + . .     SeeInvis .   a - +0 war axe
rCold    + . .     Gourm    .   c - +0 shield
rNeg     . . .     Faith    .   B - +2 chain mail {rPois}
rPois    +         Spirit   .   (helmet restricted)
rElec    .         Reflect  .   (no cloak)
rCorr    .         Harm     .   t - +0 pair of gloves
MR       .....                  (no boots)
Stlth    ..........             (no amulet)
HPRegen  0.23/turn              i - ring of protection from cold
MPRegen  0.11/turn              y - ring of protection from fire

@: about to teleport
A: retaliatory headbutt, horns 2
a: Renounce Religion


You were on level 6 of the Dungeon.
You worshipped Trog.
Trog was noncommittal.
You were not hungry.

You visited 2 branches of the dungeon, and saw 7 of its levels.
You also visited: Sewer.

You collected 203 gold pieces.

Inventory:

Hand Weapons
 a - a +0 war axe (weapon)
 x - a +1 whip of freezing
Missiles
 w - 5 tomahawks of returning (quivered)
Armour
 c - a +0 shield (worn)
 t - a +0 pair of gloves (worn)
 B - a +2 chain mail of poison resistance (worn)
Jewellery
 e - an uncursed ring of magical power {unknown}
 i - a ring of protection from cold (left hand)
 y - a ring of protection from fire (right hand)
Wands
 o - a wand of digging (12)
Scrolls
 b - a scroll of enchant armour {unknown}
 n - 4 scrolls of teleportation
 q - a scroll of remove curse
Potions
 d - 2 potions of might
 g - 4 potions of agility {unknown}
 h - 2 potions of lignification {unknown}
 j - 2 potions of flight {unknown}
 k - a potion of degeneration {unknown}
 l - 2 potions of ambrosia {unknown}
 m - 5 potions of heal wounds {unknown}
 p - 3 potions of curing {unknown}
 r - 4 potions of brilliance
 u - a potion of berserk rage {unknown}
Comestibles
 f - 9 rations


   Skills:
 + Level 7.7 Fighting
 * Level 9.9 Axes
 + Level 7.7 Armour
 + Level 7.6 Shields


You had 8 spell levels left.
You didn't know any spells.
Your spell library contained the following spells:

 Spells                   Type           Power        Failure   Level  Hunger
 Magic Dart               Conj           #...         100%        1    ##.....
 Conjure Flame            Conj/Fire      #.......     100%        3    ####...
 Slow                     Hex            #.......     100%        2    ###....
 Mephitic Cloud           Conj/Pois/Air  #.......     100%        3    ####...
 Blink                    Tloc           N/A          100%        2    ###....
 Call Imp                 Summ           #.......     100%        2    ###....


Dungeon Overview and Level Annotations

Branches:
Dungeon (6/15)             Temple (1/1) D:6

Altars:
Fedhas
Nemelex Xobeh
Ru
Sif Muna
Trog
Vehumet
Wu Jian
Xom
The Shining One

Annotations:
D:2 2 transporters


Innate Abilities, Weirdness & Mutations

You reflexively headbutt those who attack you in melee.
You have a pair of horns on your head.


Message History

The orc priest's wounds heal themselves!
You barely miss something. Something hits you but does no damage.
The orc priest looks braver for a moment.
The orc priest calls down the wrath of Beogh upon you.
Beogh smites you!
* * * LOW HITPOINT WARNING * * *
You slash something! Your headbutt misses something.
You block something's attack.
The orc priest invokes the aid of Beogh against you.
Beogh smites you!
* * * LOW HITPOINT WARNING * * *
The orc priest invokes the aid of Beogh against you.
Reactivating autopickup.
You feel a bit more experienced.
As you read the scroll of teleportation, it crumbles to dust.
You feel strangely unstable.
The orc priest looks encouraged for a moment.
The orc priest calls down the wrath of Beogh upon you.
Beogh smites you!
You die...

P#.....##.##.#.
..............##.
##.....##.##.#.
#######....##.##.
#.###### ....
####.##.##. ..# #.##
#....... ..# ###..##
#.##.##. ..# #...#.###
#.##.##. ..#
#..###..####### #.##....
..########...###.#.....#
#.####..
........##.#.##.@#.....#
#.......
.............#....oo...#
####.#.#
........##....##.#)....#
#.#.#
..########.......#.....#
#...# ..#
##.############ #..##
..# #.# #..## ..# #.#
#.... ... ####.####
##(## #.......# #.#


You could see 2 orc priests.

Vanquished Creatures
  Pikel (D:5)
  A wyvern (D:5)
  A hungry ghost (D:6)
  3 sky beasts
  3 slaves (D:5)
  2 ogres
  4 centaurs
  A big kobold (Sewer)
  A bullfrog (D:6)
  A howler monkey (D:5)
  A jelly (D:5)
  3 crimson imps
  A bullfrog zombie (D:6)
  4 hounds
  4 orc wizards
  2 centaur skeletons (D:5)
  3 orc priests
  A bullfrog skeleton (D:6)
  3 worker ants
  3 gnolls (D:3)
  14 adders
  An adder zombie (D:6)
  3 worms
  2 dart slugs
  5 leopard geckos
  23 orcs
  4 giant cockroaches
  8 goblins
  6 hobgoblins
  15 jackals
  13 kobolds
  3 quokkas
  8 ball pythons
  8 bats
  4 frilled lizards
  A leopard gecko skeleton (D:5)
  7 rats
168 creatures vanquished.

Vanquished Creatures (others)
  A slave (D:5)
  An orc wizard (D:6)
2 creatures vanquished.

Grand Total: 170 creatures vanquished

Notes
Turn   | Place    | Note
-------+----------+-------------------------------------------
     0 | D:1      | Hebeh the Minotaur Fighter began the quest for the Orb.
     0 | D:1      | Reached XP level 1. HP: 19/19 MP: 0/0
   184 | D:1      | Reached XP level 2. HP: 22/27 MP: 1/1
   355 | D:1      | Reached skill level 3 in Axes
   698 | D:2      | Found a glowing golden altar of the Shining One.
   699 | D:2      | Found a sparkling altar of Nemelex Xobeh.
   706 | D:2      | Found a transporter.
   717 | D:2      | Found a transporter.
   725 | D:2      | Reached XP level 3. HP: 30/33 MP: 2/2
  1112 | D:2      | You fall through a shaft for 2 floors!
  1140 | D:4      | Found a glowing drain.
  1210 | Sewer    | Entered a sewer
  1256 | Sewer    | Noticed a big kobold
  1263 | Sewer    | Reached XP level 4. HP: 37/40 MP: 3/3
  1273 | Sewer    | Killed a big kobold
  1273 | Sewer    | Reached skill level 4 in Axes
  1273 | Sewer    | Reached XP level 5. HP: 35/47 MP: 4/4
  1293 | Sewer    | Found a glowing silver altar of Zin.
  1610 | D:4      | Noticed an ogre
  1616 | D:4      | Killed an ogre
  1616 | D:4      | Reached skill level 5 in Axes
  1790 | D:4      | Reached XP level 6. HP: 55/55 MP: 5/5
  2178 | D:3      | Reached skill level 5 in Fighting
  2178 | D:3      | Reached skill level 5 in Armour
  2178 | D:3      | Reached skill level 5 in Shields
  2429 | D:3      | Found a faded altar of an unknown god.
  2759 | D:3      | Reached skill level 6 in Axes
  3134 | D:3      | Reached XP level 7. HP: 59/61 MP: 6/6
  3308 | D:5      | Entered Level 5 of the Dungeon
  3342 | D:5      | Found the +4 robe of Augmentation {Str+4 Int+4 Dex+4}
  3540 | D:5      | Reached skill level 7 in Axes
  3623 | D:5      | Noticed a wyvern
  3708 | D:5      | Noticed Pikel
  3730 | D:5      | Killed Pikel
  3730 | D:5      | Reached skill level 8 in Axes
  3730 | D:5      | Reached XP level 8. HP: 11/71 MP: 7/7
  4895 | D:5      | Reached skill level 9 in Axes
  5234 | D:6      | Reached XP level 9. HP: 78/79 MP: 8/8
  5314 | D:6      | Found a staircase to the Ecumenical Temple.
  5320 | Temple   | Entered the Ecumenical Temple
  5337 | Temple   | Became a worshipper of Trog the Wrathful
  5743 | D:6      | Killed from afar by an orc priest

Vault maps used:
D:1:      minmay_arrival_stair_chambers
D:2:      gammafunk_temple_overflow_arena, glass_columns_a
D:3:      chequers_ecumenical_altar_island, st_stairs_9, minmay_misc_feat_rows,
          minmay_snake_closets
D:4:      first_ration, cheibrodos_sewer_entry_drain
D:5:      uniq_pikel
D:6:      minmay_temple_entry_enclosed_plants, minmay_stone_trees_medium,
          nemelex_spade_bored_becter
Temple:   regret_index_temple_chain_breaker
Sewer:    sewer_kobolds

Skill      XL: |  1  2  3  4  5  6  7  8 |
---------------+-------------------------+-----
Axes           | 3 4 5 6 8 9 |  9.9
Fighting       | 4 5 6 7 |  7.7
Armour         | 4 5 6 7 |  7.7
Shields        | 4 5 6 7 |  7.6

Action                   |  1- 3 |  4- 6 |  7- 9 || total
-------------------------+-------+-------+-------++-------
Melee: War axe           |    90 |   147 |   235 ||   472
       Headbutt          |     8 |    25 |    48 ||    81
       Whip              |       |       |    22 ||    22
  Use: Scroll            |       |     4 |     8 ||    12
  Eat: Chunk             |     1 |     7 |     5 ||    13
       Ration            |       |       |     2 ||     2
Armor: Scale mail        |    50 |    60 |    43 ||   153
       Chain mail        |       |       |    46 ||    46
Dodge: Dodged            |    37 |    46 |    62 ||   145
Block: Shield            |    48 |    94 |   126 ||   268

Table legend:
 A = Spawn XP
 B = Non-spawn XP
 C = Spawn XP percentage of total XP
 D = Spawn monster count
 E = Non-spawn monster count
 F = Spawn count percentage of total count
 G = Total turns spent on level
                    A         B        C        D         E        F      G
               +---------+---------+-------+---------+---------+-------+---------
         Total |       0 |    3630 |   0.0 |       0 |     166 |   0.0 |  5743
               +---------+---------+-------+---------+---------+-------+---------
           D:1 |       0 |      34 |   0.0 |       0 |      19 |   0.0 |   661
           D:2 |       0 |      50 |   0.0 |       0 |      18 |   0.0 |   451
           D:3 |       0 |     348 |   0.0 |       0 |      57 |   0.0 |  1228
           D:4 |       0 |     234 |   0.0 |       0 |      12 |   0.0 |   718
           D:5 |       0 |    1824 |   0.0 |       0 |      33 |   0.0 |  1883
           D:6 |       0 |    1030 |   0.0 |       0 |      19 |   0.0 |   519
         Sewer |       0 |     110 |   0.0 |       0 |       8 |   0.0 |   250
               +---------+---------+-------+---------+---------+-------+---------
